 Dungeon Crawl Stone Soup version 0.30-a0-916-g9813417 (webtiles) character file.

Game seed: 1958872934905900064

30 Dorkslayer the Covered (level 3, 0/23 HPs)
             Began as a Gargoyle Fighter on Mar 20, 2023.
             Slain by Sigmund
             ... wielding a +0 scythe
              (9 damage)
             ... on level 3 of the Dungeon.
             The game lasted 00:03:17 (1225 turns).

Dorkslayer the Covered (Gargoyle Fighter)           Turns: 1225, Time: 00:03:18

Health: 0/23       AC: 12    Str: 21    XL:     3   Next: 18%
Magic:  3/3        EV:  9    Int:  8    God:
Gold:   127        SH:  4    Dex:  9    Spells: 2/2 levels left

rFire   . . .      SeeInvis .    r - +1 mace (drain)
rCold   . . .      Faith    .    c - +0 buckler
rNeg    + . .      Spirit   .    b - +0 scale mail
rPois   ∞          Reflect  .    (no helmet)
rElec   +          Rampage  .    (no cloak)
rCorr   .                        l - +1 pair of gloves
Will    .....                    (no boots) Stlth
                                 (no amulet)
HPRegen 0.23/turn                (no ring)
MPRegen 0.08/turn                (no ring)

@: no status effects
A: sickness immunity, AC +3, negative energy resistance 1, electricity
resistance, torment resistance 1, petrification resistance
a: no special abilities


You were on level 3 of the Dungeon.
You visited 1 branch of the dungeon, and saw 3 of its levels.

You collected 127 gold pieces.

Inventory:

Hand Weapons
 a - a +0 war axe
 r - a +1 mace of draining (weapon)
Missiles
 o - a throwing net (quivered)
Armour
 b - a +0 scale mail (worn)
 c - a +0 buckler (worn)
 l - a +1 pair of gloves (worn)
Scrolls
 f - a scroll of teleportation {unknown}
 g - a scroll of fog {unknown}
 h - a scroll of magic mapping {unknown}
 i - a scroll of immolation {unknown}
 k - a scroll of identify {unknown}
 n - a scroll of blinking {unknown}
 p - a scroll of torment {unknown}
Potions
 d - a potion of might
 j - a potion of flight {unknown}
 m - a potion of curing {unknown}
 q - a potion of lignification {unknown}


   Skills:
 + Level 3.5 Fighting
 + Level 2.0 Axes
 + Level 0.0(1.2) Maces & Flails
 + Level 0.0 Throwing
 + Level 3.6 Armour
 * Level 1.1 Dodging
 + Level 3.5 Shields


You had 2 spell levels left.
You didn't know any spells.
Your spell library contained the following spells:

 Spells                   Type           Power      Damage    Failure   Level
 Scorch                   Fire           0%         2d5       93%         2
 Flame Wave               Conj/Fire      0%         2d4       100%        4
 Summon Cactus Giant      Summ           0%         N/A       100%        6


Dungeon Overview and Level Annotations

Branches:
Dungeon (3/15)

Altars:
Kikubaaqudgha

Annotations:
D:3 Jessica, Sigmund


Innate Abilities, Weirdness & Mutations

You are immune to sickness and miasma.
Your stone body is resilient. (AC +3)
You are immune to poison.
You resist negative energy. (rN+)
You are resistant to electric shocks. (rElec)
You are resistant to unholy torment.
You are immune to petrification.


Message History

Found a scroll labelled QYIRUFUXZA and 8 gold pieces.
Found an escape hatch in the floor.
There is a stone staircase leading up here.
An endoplasm comes into view.
Found 17 gold pieces.
An adder comes into view.
The adder hisses angrily.
Sigmund gestures at you while chanting. The magic dart hits you!
Found an ancient bone altar of Kikubaaqudgha.
The adder bites you.
Sigmund mumbles some strange words.
Sigmund flickers and vanishes!
Deactivating autopickup; reactivate with Ctrl-A.
You hit the adder.
The adder is moderately wounded.
You block the adder's attack. The adder bites you but does no damage.
Jessica the Apprentice Sorceress comes into view.
She is wielding a +2 dagger of venom.
The adder closely misses you.
You miss the adder.
The adder is moderately wounded.
Jessica shouts!
The adder closely misses you. x2; You block the adder's attack.
The endoplasm freezes you.
You are frozen.
Okay, then.
You closely miss the adder.
The adder is moderately wounded.
The adder bites you but does no damage. You block the adder's attack.
The endoplasm hits you but does no damage.
The adder bites you. You block the adder's attack. The endoplasm freezes you.
You are frozen.
As you read the scroll labelled SOSKAER GACORGH, it crumbles to dust.
It is a scroll of enchant armour.
Your +0 pair of gloves glows green for a moment.
The adder barely misses you. You block the adder's attack.
Jessica mumbles some strange words.
Jessica blinks!
You block the endoplasm's attack. Something hits you!
You die...

...............
.................
....$.............
#..................
...................
⌠..~~..............
.~~~~~.............
..≈≈≈≈SJ...?.......
..~~~~~@..........>
..~....Sg..........
..~........<.......
_~...@⌠............
...##.....§........
## ##.............
...............
................
##..............


You could see 2 adders, Jessica, an endoplasm and a hobgoblin.

Vanquished Creatures
  A worm (D:2)
  A dart slug (D:2)
  2 bats
  3 endoplasms
  3 giant cockroaches
  A goblin (D:1)
  5 kobolds
  A ball python (D:1)
  4 frilled lizards
  3 rats
24 creatures vanquished.

Notes
Turn   | Place    | Note
-------+----------+-------------------------------------------
     0 | D:1      | Dorkslayer the Gargoyle Fighter began the quest for the
                  | Orb.
     0 | D:1      | Reached XP level 1. HP: 14/14 MP: 1/1
   211 | D:1      | Reached XP level 2. HP: 18/19 MP: 2/2
   684 | D:2      | Reached skill level 1 in Dodging
   684 | D:2      | Reached XP level 3. HP: 12/23 MP: 3/3
  1217 | D:3      | Noticed Sigmund
  1221 | D:3      | Found an ancient bone altar of Kikubaaqudgha.
  1222 | D:3      | Noticed Jessica
  1225 | D:3      | Slain by Sigmund

Illustrated notes

Levels and vault maps discovered:
D:1:      ncdulo_smallfort, layout_basic, minmay_tree_intersection
D:2:      layout_basic
D:3:      layout_basic, kiku_gazebo_pond_becter,
          ebering_ecumenical_altar_petrified, gup_sewer_entry_bubbles,
          uniq_natasha, uniq_ijyb, uniq_jessica, uniq_sigmund

Skill      XL: |  1  2 |
---------------+-------+-----
Axes           | 2 |  2.0
Dodging        | 1 |  1.1
Fighting       | |  3.5
Armour         | |  3.6
Shields        | |  3.5

Action                     || total
---------------------------++-------
  Melee: War axe           ||    72
         Mace              ||     3
    Use: Scroll            ||     1
 Armour: Scale mail        ||    48
  Dodge: Dodged            ||    48
  Block: Buckler           ||    23

Table legend: (Time is in decaauts)
 A = Elapsed time spent in this place.
 B = Non-inter-level travel time spent in this place.
 C = Inter-level travel time spent in this place.
 D = Time resting spent in this place.
 E = Time spent auto-exploring this place.
 F = Levels seen in this place.
 G = Mean time per level.
                   A        B        C        D        E       F      G
               +--------+--------+--------+--------+--------+-----+--------+
         Total |   1257 |   1257 |      0 |      0 |    722 |   3 |  419.0 |
       Dungeon |   1257 |   1257 |      0 |      0 |    722 |   3 |  419.0 |
               +--------+--------+--------+--------+--------+-----+--------+

Top non-repeatable levels by time:
     D:2: 713 daAuts
     D:1: 534 daAuts
     D:3: 8 daAuts
